AoeStats
← Gemuda

Arabia

509732643Analyzed
1v1 RM · 6d ago on Sep 27, 2026· 33m 8s· 2 players
Game mode
Random Map
Map size
Tiny (2 player)
Population
200
Speed
Normal
Resources
Standard
Victory
Conquest
Starting age
Dark Age
Ending age
Imperial Age
RankedLock teamsTeams togetherTeam positionsShared explorationLock speedFull tech treeHidden civsTurbo modeCheats
Victory
Defeat
🇨🇴 Inca · Colombia
408
+3
🇹🇷 Teutons · Türkiye
—
Gemuda
4:58 Loom
12:05 Feudal Age
14:10 Wheelbarrow
13:26 Double-Bit Axe
15:48 Horse Collar
16:09 Stone Mining
16:13 Gold Mining
22:46 Castle Age
29:31 Hand Cart
puertoalvarezjuandavid
4:45 Loom
12:37 Feudal Age
13:04 Double-Bit Axe
15:21 Wheelbarrow
14:29 Horse Collar
15:02 Town Watch
15:36 Champi Runner
18:19 Stone Mining
25:56 Castle Age
24:28 Gold Mining
25:22 Fletching
29:38 Heavy Plow
29:49 Bow Saw
30:28 Stone Shaft Mining
31:08 Elite Skirmisher
31:12 Crossbowman
32:26 Hand Cart
32:22 Bodkin Arrow
Connection lost

Rejoining the realm…

Still unreachable

The connection could not be restored.

Session expired

The server has moved on; the page needs a fresh start.